[Event "Titled Tuesday Blitz July 25 Late 2023"]
[White "Skvortsov, Andrei"]
[Black "Al Mukhaini, Shima"]
[WhiteFideId "24108600"]
[BlackFideId "22005854"]
[WhiteElo "2725"]
[BlackElo "2408"]
[Result "1/2-1/2"]
[Round "5"]
[TimeControl "180+2"]
[Date "2023.07.25"]
[WhiteClock "0:00:24"]
[BlackClock "0:00:06"]
[Board "117"]

1. d4 Nf6 2. c4 e6 3. Nf3 b6 4. g3 Bb7 5. Bg2 Bb4+ 6. Nbd2 O-O 7. O-O d6 8. Nb3 d5 9. Ne5 Bd6 10. f4 c6 11. c5 Bxe5 12. dxe5 Nfd7 13. Be3 Na6 14. cxb6 axb6 15. Bf2 c5 16. Rc1 Qb8 17. Nd2 f6 18. exf6 Nxf6 19. a3 d4 20. Qb3 Bd5 21. Nc4 b5 22. Bxd5 Nxd5 23. Ne5 Rd8 24. Rfd1 Qb6 25. Qf3 g6 26. h4 Nac7 27. b4 Nc3 28. bxc5 Qxc5 29. Rxd4 Nxe2+ 30. Kg2 Qxc1 31. Rxd8+ Rxd8 32. Qxe2 Rd2 33. Qe3 Qc2 34. h5 Nd5 35. Qa7 Rxf2+ 36. Qxf2 Qxf2+ 37. Kxf2 gxh5 38. Nc6 Nc3 39. Nd4 Kf7 40. Kf3 Kf6 41. Nc2 e5 42. Ne3 exf4 43. Kxf4 Ke6 44. Kg5 Nb1 45. Nc2 Kd5 46. Kxh5 Kc4 47. Kh6 Kc3 48. Ne3 Nxa3 49. g4 Kd3 50. Nd5 Kd4 51. Nb6 b4 52. g5 b3 53. Na4 Kc4 54. Kxh7 Kb4 55. Nb2 Kc3 56. g6 Kxb2 57. g7 Ka1 58. g8=Q b2 59. Qg7 Ka2 60. Qf7+ Ka1 61. Qf6 Ka2 62. Qe6+ Ka1 63. Qe5 Ka2 64. Qd5+ Ka1 65. Qd4 Ka2 66. Qd5+ Ka1 67. Qe5 Ka2 68. Qe6+ Ka1 69. Qf6 Ka2 70. Qf2 Ka1 71. Qd4 Ka2 72. Qd2 Ka1 73. Qxb2+ Kxb2 1/2-1/2


[Site "https://www.chess.com"]

[Event "Titled Tuesday Blitz July 25 Late 2023"]
[White "Herman, Daniel"]
[Black "Petesch, Gabriel"]
[WhiteFideId "30935008"]
[BlackFideId "2032465"]
[WhiteElo "2403"]
[BlackElo "2578"]
[Result "1-0"]
[Round "5"]
[TimeControl "180+2"]
[Date "2023.07.25"]
[WhiteClock "0:00:27"]
[BlackClock "0:00:00"]
[Board "118"]

1. c4 c5 2. Nc3 Nf6 3. g3 Nc6 4. Bg2 h5 5. Nf3 d6 6. d4 cxd4 7. Nxd4 h4 8. Qa4 Bd7 9. Nxc6 bxc6 10. Bxc6 hxg3 11. Bxd7+ Nxd7 12. fxg3 e6 13. Bf4 g5 14. Be3 Be7 15. O-O-O Kf8 16. c5 d5 17. Nxd5 Qc8 18. Nxe7 Kxe7 19. Kb1 f6 20. c6 Ne5 21. Rc1 Qc7 22. h4 g4 23. Bf4 Rad8 24. Rhd1 Rxd1 25. Rxd1 Qxc6 26. Qxa7+ Nd7 27. Bd6+ Kf7 28. Ba3 Rc8 29. Qxd7+ Kg6 30. Qxc6 Rc7 31. Qxc7 1-0


[Site "https://www.chess.com"]

[Event "Titled Tuesday Blitz July 25 Late 2023"]
[White "K2JW"]
[Black "Krishnan, Varun"]
[BlackFideId "5054508"]
[WhiteElo "2364"]
[BlackElo "2576"]
[Result "0-1"]
[Round "5"]
[TimeControl "180+2"]
[Date "2023.07.25"]
[WhiteClock "0:00:00"]
[BlackClock "0:00:12"]
[Board "119"]

1. e4 c6 2. d4 d5 3. Nd2 dxe4 4. Nxe4 Bf5 5. Ng3 Bg6 6. h4 h6 7. Nf3 Nf6 8. Ne5 Bh7 9. Bc4 e6 10. Qe2 Nd5 11. c3 Nd7 12. h5 Nxe5 13. dxe5 Bc5 14. O-O Qh4 15. Qf3 Qxc4 16. Bd2 O-O 17. Rfe1 Rad8 18. Ne4 Bxe4 19. Rxe4 Qb5 20. b4 Nxb4 21. Bxh6 Kh7 22. Bxg7 Rg8 23. cxb4 Bd4 24. Rd1 Bxf2+ 25. Kxf2 Rxd1 26. Qxd1 Rxg7 27. Qf3 Qd5 28. h6 Qd2+ 29. Kg1 Qc1+ 30. Kf2 Qd2+ 31. Kg1 Qxh6 32. Rf4 Kg8 33. Rf6 Qc1+ 34. Kf2 Qd2+ 35. Kg1 Qd4+ 36. Qf2 Qxe5 37. Rf3 Qa1+ 38. Kh2 Rh7+ 39. Kg3 Qe5+ 40. Rf4 Rg7+ 41. Kf3 Qd5+ 42. Ke3 Rxg2 43. Qf3 Qd2+ 44. Ke4 Re2+ 0-1


[Site "https://www.chess.com"]

[Event "Titled Tuesday Blitz July 25 Late 2023"]
[White "Vlassov, Nikolai"]
[Black "Gerbelli Neto, Eduardo"]
[WhiteFideId "4103360"]
[BlackFideId "2103281"]
[WhiteElo "2559"]
[BlackElo "2371"]
[Result "1-0"]
[Round "5"]
[TimeControl "180+2"]
[Date "2023.07.25"]
[WhiteClock "0:00:51"]
[BlackClock "0:00:13"]
[Board "120"]

1. e4 e5 2. Bc4 Nf6 3. d3 Nc6 4. Nf3 Bc5 5. Bg5 d6 6. Nc3 h6 7. Bh4 Be6 8. Nd2 g5 9. Bg3 h5 10. h4 g4 11. Nd5 Na5 12. O-O c6 13. Nxf6+ Qxf6 14. Bxe6 fxe6 15. c3 O-O 16. b4 Bb6 17. bxa5 Bxa5 18. Qb3 b5 19. a4 a6 20. axb5 axb5 21. Ra2 Bb6 22. Rxa8 Rxa8 23. c4 Rb8 24. cxb5 cxb5 25. Kh2 Bd4 26. f3 Qg6 27. fxg4 hxg4 28. Nc4 1-0


[Site "https://www.chess.com"]

[Event "Titled Tuesday Blitz July 25 Late 2023"]
[White "Xia, Brandon"]
[Black "Ambartsumova, Karina"]
[WhiteFideId "30921880"]
[BlackFideId "4166299"]
[WhiteElo "2354"]
[BlackElo "2550"]
[Result "0-1"]
[Round "5"]
[TimeControl "180+2"]
[Date "2023.07.25"]
[WhiteClock "0:00:13"]
[BlackClock "0:00:10"]
[Board "121"]

1. b3 e5 2. Bb2 Nc6 3. e3 g6 4. Nf3 Bg7 5. d4 d6 6. dxe5 Nge7 7. c4 O-O 8. Nc3 Nxe5 9. Be2 N7c6 10. O-O Be6 11. Nd4 Bd7 12. a3 Re8 13. Nd5 Nxd4 14. exd4 Nc6 15. Ne3 Qh4 16. Nc2 Bf5 17. Bf3 Bxc2 18. Qxc2 Nxd4 19. Bxd4 Bxd4 20. Bxb7 Rab8 21. Bc6 Re5 22. Rae1 Rh5 23. h3 Rf5 24. Re4 Qf6 25. Bd5 Kg7 26. b4 h5 27. Qd3 Be5 28. Re2 Rf4 29. Rfe1 Rd4 30. Qc2 h4 31. Re4 Rc8 32. Bb7 Rh8 33. Rxd4 Bxd4 34. Bf3 Be5 35. c5 Qf4 36. Re4 Qh2+ 37. Kf1 Qh1+ 38. Ke2 Qa1 39. cxd6 cxd6 40. Re3 Rd8 41. Bd5 Rd7 42. Rd3 Re7 43. Kf3 Bf6 44. g3 hxg3 45. Kxg3 Qg1+ 46. Bg2 Be5+ 47. Kf3 Qh2 48. Bf1 Qf4+ 49. Kg2 Qh2+ 50. Kf3 Re6 51. Re3 Rf6+ 52. Ke2 Rxf2+ 53. Kd3 Rxc2 0-1


[Site "https://www.chess.com"]

[Event "Titled Tuesday Blitz July 25 Late 2023"]
[White "Ganiev, Roman"]
[Black "Duarte, Leonardo"]
[WhiteFideId "4131452"]
[BlackFideId "110582"]
[WhiteElo "2518"]
[BlackElo "2335"]
[Result "0-1"]
[Round "5"]
[TimeControl "180+2"]
[Date "2023.07.25"]
[WhiteClock "0:00:11"]
[BlackClock "0:00:03"]
[Board "122"]

1. e4 e5 2. d4 exd4 3. Qxd4 Nc6 4. Qe3 Nf6 5. Nc3 Bb4 6. Bd2 d6 7. O-O-O Be6 8. a3 Ba5 9. f4 Qe7 10. Bb5 Bd7 11. Nf3 O-O-O 12. Rhe1 Bb6 13. Qd3 Ng4 14. Nd5 Qe8 15. Nxb6+ axb6 16. Qf1 Na5 17. Bd3 Kb8 18. h3 Nf6 19. e5 dxe5 20. Nxe5 Qe6 21. Bxa5 bxa5 22. Bc4 Qb6 23. Nxf7 Rdf8 24. Nxh8 Rxh8 25. g4 Bc6 26. Qg1 Qxg1 27. Rxg1 Ne4 28. Rge1 Nf2 29. Rd4 Nxh3 30. Re7 g6 31. f5 gxf5 32. gxf5 Rf8 33. Be6 h5 34. Rh4 Nf2 35. Rxh5 Rd8 36. b3 Rd1+ 37. Kb2 Rd2 38. f6 Be4 39. Bf5 Rxc2+ 40. Kb1 Nd3 41. a4 Rc1+ 42. Ka2 Rc2+ 43. Ka3 Nb4 44. Bxe4 Ra2# 0-1


[Site "https://www.chess.com"]

[Event "Titled Tuesday Blitz July 25 Late 2023"]
[White "Alahakoon, Isuru"]
[Black "Koc, Przemyslaw"]
[WhiteFideId "9900993"]
[BlackFideId "1109081"]
[WhiteElo "2350"]
[BlackElo "2500"]
[Result "0-1"]
[Round "5"]
[TimeControl "180+2"]
[Date "2023.07.25"]
[WhiteClock "0:00:00"]
[BlackClock "0:01:26"]
[Board "123"]

1. Nf3 d6 2. d4 f5 3. Nc3 Nf6 4. Bg5 Nbd7 5. Qd3 g6 6. h4 h6 7. Bf4 Bg7 8. e4 Nh5 9. Bh2 O-O 10. exf5 gxf5 11. O-O-O c6 12. Be2 Nb6 13. Kb1 Nd5 14. Nxd5 cxd5 15. Rhe1 Bd7 16. Qb3 e6 17. c4 dxc4 18. Bxc4 d5 19. Be2 Qb6 20. Qxb6 axb6 21. Ne5 Be8 22. f3 f4 23. g4 fxg3 24. Bxg3 Nxg3 25. Bd3 Bxe5 26. dxe5 Rxf3 27. Rg1 Kh8 28. Bc2 Bb5 29. Rd4 Ne2 30. Rg6 Nxd4 0-1


[Site "https://www.chess.com"]

[Event "Titled Tuesday Blitz July 25 Late 2023"]
[White "Machidon, Cristi"]
[Black "Zanette, Edgard Vinicius"]
[WhiteFideId "13904590"]
[BlackFideId "2109263"]
[WhiteElo "2500"]
[BlackElo "2332"]
[Result "1-0"]
[Round "5"]
[TimeControl "180+2"]
[Date "2023.07.25"]
[WhiteClock "0:01:03"]
[BlackClock "0:00:52"]
[Board "124"]

1. d4 Nf6 2. c4 e6 3. Nf3 d5 4. Nc3 Bb4 5. e3 O-O 6. Bd2 b6 7. cxd5 exd5 8. Bd3 Ba6 9. Bxa6 Nxa6 10. O-O Bxc3 11. Bxc3 Ne4 12. Rc1 c5 13. dxc5 Nxc3 14. Rxc3 Nxc5 15. Qd4 Qd6 16. Rd1 Rad8 17. b4 Ne6 18. Qh4 h6 19. Rcd3 Qc6 20. a3 Rd6 21. Ne5 Qa4 22. f4 Rc8 23. Qe7 1-0


[Site "https://www.chess.com"]

[Event "Titled Tuesday Blitz July 25 Late 2023"]
[White "D`Arruda, Ricardo D."]
[Black "AndresDelgado77"]
[WhiteFideId "100692"]
[WhiteElo "2496"]
[BlackElo "2320"]
[Result "0-1"]
[Round "5"]
[TimeControl "180+2"]
[Date "2023.07.25"]
[WhiteClock "0:00:44"]
[BlackClock "0:00:24"]
[Board "125"]

1. Nf3 d5 2. d3 Bf5 3. g3 h6 4. Bg2 Nf6 5. O-O c6 6. c4 e6 7. b3 Nbd7 8. Bb2 Be7 9. Nc3 O-O 10. Qc2 Bh7 11. Rfe1 a5 12. e4 Nc5 13. Rad1 Qb6 14. exd5 cxd5 15. cxd5 Rfc8 16. dxe6 Nxe6 17. Qe2 Bb4 18. Na4 Qd8 19. Rf1 b5 20. Bxf6 gxf6 21. Nb2 Ra6 22. Nh4 Nd4 23. Qh5 Rc5 24. Qxh6 Rg5 25. f4 Bf8 26. fxg5 Bxh6 27. gxh6 Nc2 28. Rf4 Ne3 29. Rd2 Nxg2 30. Kxg2 Re6 31. Nd1 Bxd3 32. Nf2 Qa8+ 33. Nf3 Be2 34. Ng4 Bxf3+ 35. Rxf3 f5 36. Nf2 Re3 37. Rd8+ Qxd8 38. Rxe3 Qd5+ 39. Kg1 Qd2 40. Rf3 Qxa2 41. Rxf5 Qb1+ 0-1


[Site "https://www.chess.com"]

[Event "Titled Tuesday Blitz July 25 Late 2023"]
[White "Mohamed Saeed Laily"]
[Black "slidingknight2775"]
[WhiteFideId "9314946"]
[WhiteElo "2279"]
[BlackElo "2482"]
[Result "0-1"]
[Round "5"]
[TimeControl "180+2"]
[Date "2023.07.25"]
[WhiteClock "0:00:00"]
[BlackClock "0:00:04"]
[Board "126"]

1. d4 Nf6 2. Bg5 d5 3. e3 c5 4. Bxf6 gxf6 5. dxc5 e6 6. c3 Bxc5 7. Nd2 Nc6 8. Bd3 f5 9. Ne2 O-O 10. Ng3 Kh8 11. Qh5 Qf6 12. h4 Ne5 13. Bc2 Rg8 14. Nf3 Ng4 15. Ng5 Rg7 16. Ke2 Kg8 17. Rad1 h6 18. Nf3 b6 19. Nf1 Ba6+ 20. Ke1 f4 21. e4 Nxf2 22. e5 Qe7 23. Qxh6 Nxh1 24. Ng5 Bf2+ 25. Kd2 Be3+ 26. Nxe3 fxe3+ 27. Kxe3 Kf8 28. Qh8+ Rg8 29. Nh7+ Ke8 30. Qxg8+ Kd7 31. Qxa8 Qc5+ 32. Kd2 Qf2+ 33. Kc1 Qe3+ 34. Kb1 Nf2 35. Qxa7+ Kc6 36. Qa8+ Bb7 37. Qa4+ b5 38. Qa3 Nxd1 0-1


[Site "https://www.chess.com"]

[Event "Titled Tuesday Blitz July 25 Late 2023"]
[White "Schut, Han"]
[Black "Tifferet, Shaked"]
[WhiteFideId "1005561"]
[BlackFideId "2811529"]
[WhiteElo "2282"]
[BlackElo "2478"]
[Result "0-1"]
[Round "5"]
[TimeControl "180+2"]
[Date "2023.07.25"]
[WhiteClock "0:00:00"]
[BlackClock "0:00:03"]
[Board "127"]

1. e4 c5 2. Nf3 e6 3. c4 Nc6 4. Nc3 Nge7 5. d4 cxd4 6. Nxd4 Nxd4 7. Qxd4 Nc6 8. Qd3 b6 9. Qg3 Bb7 10. Nb5 e5 11. Bd3 Bb4+ 12. Bd2 Bxd2+ 13. Kxd2 O-O 14. Nd6 Ba6 15. h4 Qf6 16. Nf5 Rac8 17. b3 Nb4 18. Qg5 Nc6 19. Qxf6 gxf6 20. Rh3 Kh8 21. Rah1 Rg8 22. R1h2 Rcf8 23. Rf3 Nb4 24. a4 Rg4 25. Nh6 Rg6 26. Nf5 Bb7 27. Ne7 Rg4 28. Re3 Rf4 29. f3 Nc6 30. Nf5 Rg8 31. g3 Rxf5 32. exf5 Rxg3 33. Be4 Bc8 34. Rd3 Nd4 35. Rxd4 exd4 36. Kd3 Kg7 37. Kxd4 d6 38. Kd5 Rg1 39. Kxd6 Rd1+ 40. Kc7 Ba6 41. Kb8 Rd2 42. Kxa7 Rxh2 43. Kxa6 Rb2 44. Bd5 Rxb3 45. c5 Ra3 46. cxb6 Rxa4+ 47. Kb5 Ra1 48. b7 Rb1+ 49. Kc6 Kh6 50. Bxf7 Rc1+ 51. Kd7 Rb1 0-1


[Site "https://www.chess.com"]

[Event "Titled Tuesday Blitz July 25 Late 2023"]
[White "KSho99"]
[Black "Papayan, Oleg"]
[BlackFideId "4193911"]
[WhiteElo "2223"]
[BlackElo "2475"]
[Result "0-1"]
[Round "5"]
[TimeControl "180+2"]
[Date "2023.07.25"]
[WhiteClock "0:00:00"]
[BlackClock "0:01:02"]
[Board "128"]

1. d4 d5 2. Nc3 Nf6 3. Bf4 c5 4. e4 Nxe4 5. Nxe4 dxe4 6. dxc5 Qa5+ 7. c3 Qxc5 8. Qa4+ Nc6 9. Qxe4 Bf5 10. Qe3 e5 11. Nf3 O-O-O 12. Qxc5 Bxc5 13. Be3 Bxe3 14. fxe3 f6 15. Bb5 Kc7 16. Rd1 Bc2 17. Rd2 Be4 18. Ke2 a6 19. Ba4 b5 20. Bc2 Bd5 21. b3 Rd6 22. Rhd1 Rhd8 23. Bxh7 g5 24. e4 Bf7 25. Bf5 Ne7 26. Rxd6 Rxd6 27. Rxd6 Kxd6 28. Nd2 Nxf5 29. exf5 Bd5 30. g3 e4 31. Ke3 Ke5 32. c4 bxc4 33. bxc4 Bc6 34. g4 a5 35. Nb3 a4 36. Nd4 Bd7 37. Ne2 Bc6 38. Ng3 a3 39. Ne2 Ba4 40. Nc3 Bc2 41. Nb5 Bb1 42. Nxa3 Bxa2 43. c5 Bb3 44. c6 Kd6 45. Nb5+ Ke7 46. Kxe4 Bd1 47. Kd4 Bxg4 48. Nd6 Kxd6 0-1


[Site "https://www.chess.com"]

[Event "Titled Tuesday Blitz July 25 Late 2023"]
[White "SilverCityIndigo"]
[Black "Novikova, Margarita"]
[BlackFideId "14109689"]
[WhiteElo "2441"]
[BlackElo "2172"]
[Result "1-0"]
[Round "5"]
[TimeControl "180+2"]
[Date "2023.07.25"]
[WhiteClock "0:00:20"]
[BlackClock "0:01:54"]
[Board "129"]

1. e4 d5 2. exd5 Qxd5 3. Nf3 Nf6 4. Be2 c6 5. Nc3 Qd6 6. O-O Bf5 7. d4 e6 8. g3 Qc7 9. Bf4 Bd6 10. Bxd6 Qxd6 11. a3 O-O 12. Nh4 Bg6 13. Nxg6 hxg6 14. Bf3 Nd5 15. Ne4 Qc7 16. c4 Nf6 17. b4 Nxe4 18. Bxe4 Nd7 19. Qf3 Nf6 20. Bc2 Rad8 21. Rad1 Rd7 22. Rd2 Rfd8 23. Rfd1 Qb6 24. c5 Qc7 25. Bb3 e5 26. dxe5 Rxd2 27. Rxd2 Rxd2 28. exf6 gxf6 29. Qxf6 Rd3 30. Qxg6+ 1-0


[Site "https://www.chess.com"]

[Event "Titled Tuesday Blitz July 25 Late 2023"]
[White "Jahnz, Fabian"]
[Black "SergioMoralesG"]
[WhiteFideId "4653300"]
[WhiteElo "2167"]
[BlackElo "2430"]
[Result "0-1"]
[Round "5"]
[TimeControl "180+2"]
[Date "2023.07.25"]
[WhiteClock "0:00:35"]
[BlackClock "0:00:42"]
[Board "130"]

1. e4 c5 2. Nf3 e6 3. d4 cxd4 4. Nxd4 Nc6 5. c4 Nf6 6. Nc3 Bb4 7. Nxc6 bxc6 8. Bd3 e5 9. O-O Bc5 10. a3 a5 11. Bg5 h6 12. Bh4 d6 13. Rb1 O-O 14. b4 axb4 15. axb4 Bd4 16. Ne2 Bg4 17. Qd2 Bxe2 18. Qxe2 g5 19. Bg3 Qd7 20. h4 Qg4 21. Qxg4 Nxg4 22. hxg5 hxg5 23. Be2 Nf6 24. Bd3 Nd7 25. Rfd1 Ra2 26. b5 cxb5 27. cxb5 Nb6 28. Rdc1 Rc8 29. Rxc8+ Nxc8 30. Rc1 Nb6 31. Rc2 Ra3 32. Be2 Rxg3 33. Rc7 Rc3 34. Rb7 Rc1+ 35. Bf1 Kg7 36. Rb8 Rc2 37. Rd8 Bxf2+ 38. Kh1 Bc5 39. Bd3 Rd2 0-1


[Site "https://www.chess.com"]

[Event "Titled Tuesday Blitz July 25 Late 2023"]
[White "Burke, Paul"]
[Black "Krzywda, Andrzej"]
[WhiteFideId "2605767"]
[BlackFideId "1114565"]
[WhiteElo "1935"]
[BlackElo "2422"]
[Result "0-1"]
[Round "5"]
[TimeControl "180+2"]
[Date "2023.07.25"]
[WhiteClock "0:00:42"]
[BlackClock "0:01:35"]
[Board "131"]

1. e4 e5 2. Nf3 Nf6 3. d3 Nc6 4. Be2 d5 5. exd5 Nxd5 6. O-O Bd6 7. Nc3 Nxc3 8. bxc3 O-O 9. h3 Re8 10. Bb2 b6 11. d4 Bb7 12. c4 exd4 13. Nxd4 Nxd4 14. Bxd4 Qh4 15. Be3 Rad8 16. Qc1 h6 17. a4 Re6 18. Bd3 Rde8 19. a5 Rxe3 20. fxe3 Qg3 21. Rf2 Rxe3 22. Qd2 Qh2+ 23. Kf1 Qh1# 0-1


[Site "https://www.chess.com"]

[Event "Titled Tuesday Blitz July 25 Late 2023"]
[White "Hamidi, Amir Mohammad"]
[Black "Kujawski, Adam"]
[WhiteFideId "12563285"]
[BlackFideId "1100920"]
[WhiteElo "2767"]
[BlackElo "2327"]
[Result "1-0"]
[Round "5"]
[TimeControl "180+2"]
[Date "2023.07.25"]
[WhiteClock "0:01:29"]
[BlackClock "0:00:00"]
[Board "132"]

1. e4 e5 2. Nc3 Nf6 3. g3 h5 4. h3 Bc5 5. Bg2 d6 6. Nge2 Nc6 7. Na4 Be6 8. Nxc5 dxc5 9. d3 c4 10. Be3 cxd3 11. cxd3 Qd7 12. d4 exd4 13. Nxd4 O-O-O 14. Nxe6 Qxe6 15. Qa4 Rhe8 16. O-O Nxe4 17. Bxa7 Nd2 18. Rfd1 Qc4 19. Qa3 Re2 20. Be3 Rd3 21. Qa8+ Kd7 22. Rac1 1-0


[Site "https://www.chess.com"]

[Event "Titled Tuesday Blitz July 25 Late 2023"]
[White "Papp, Petra"]
[Black "Aggelis, Nikolaos"]
[WhiteFideId "739049"]
[BlackFideId "4213220"]
[WhiteElo "2325"]
[BlackElo "2599"]
[Result "0-1"]
[Round "5"]
[TimeControl "180+2"]
[Date "2023.07.25"]
[WhiteClock "0:00:00"]
[BlackClock "0:00:09"]
[Board "133"]

1. d4 f5 2. g3 Nf6 3. Bg2 g6 4. Nh3 Bg7 5. c4 O-O 6. Nc3 d6 7. d5 Na6 8. Nf4 Nc5 9. Be3 e5 10. dxe6 Nxe6 11. Nfd5 c6 12. Nxf6+ Bxf6 13. O-O Qc7 14. Qd2 Rd8 15. Rfd1 Nc5 16. Rac1 Be6 17. b4 Na6 18. Nd5 Bxd5 19. cxd5 c5 20. a4 Rac8 21. b5 Nb8 22. Qa2 Nd7 23. a5 b6 24. Rd3 Ne5 25. Ra3 Ng4 26. axb6 Qxb6 27. Ra6 Qxb5 28. Rb1 Qe8 29. Bf4 c4 30. h3 Ne5 31. Rxa7 c3 32. Qc2 Nc4 33. Rbb7 Bd4 34. Bh6 Bxa7 35. Rxa7 Qe5 36. Bg7 Na3 37. Qc1 Qxg7 38. Rxg7+ Kxg7 39. Qxa3 c2 40. Qc1 Rd7 41. e4 Rb7 42. Qa1+ Kg8 43. Qf6 c1=Q+ 44. Kh2 Qc7 45. exf5 Qf7 46. Qg5 Qxf5 47. Qe3 Qf7 48. Be4 Re7 49. Qd4 Rf8 50. Bg2 Qf6 51. Qg4 Qxf2 52. Qh4 Qf6 53. Qg4 Re5 54. h4 Qf5 55. Qd1 Re3 56. Qd4 Qe5 57. Qg4 Kh8 58. Kh1 Rxg3 59. Qd1 Re3 60. Qf1 Re1 0-1


[Site "https://www.chess.com"]

[Event "Titled Tuesday Blitz July 25 Late 2023"]
[White "Pinheiro, Iung Alicio de O."]
[Black "jero888"]
[WhiteFideId "2104350"]
[WhiteElo "2596"]
[BlackElo "2325"]
[Result "1-0"]
[Round "5"]
[TimeControl "180+2"]
[Date "2023.07.25"]
[WhiteClock "0:00:09"]
[BlackClock "0:00:09"]
[Board "134"]

1. e4 c5 2. Nf3 d6 3. Bb5+ Bd7 4. Bxd7+ Qxd7 5. c4 g6 6. Nc3 Bg7 7. d4 cxd4 8. Nxd4 Nc6 9. Be3 Nf6 10. f3 O-O 11. O-O a6 12. Rc1 Nxd4 13. Bxd4 b5 14. cxb5 axb5 15. a3 Qb7 16. Qb3 Rfb8 17. Bxf6 Bxf6 18. Nd5 Bd4+ 19. Kh1 Rc8 20. Rfd1 e5 21. g3 Kg7 22. Kg2 h5 23. h4 Rc5 24. Rc2 Rxc2+ 25. Qxc2 Rc8 26. Qb3 Rc5 27. Nb4 Qc8 28. Rd2 Rc1 29. Rc2 Rxc2+ 30. Nxc2 Qc5 31. Nxd4 exd4 32. Qd3 Kf6 33. Kf2 Qc4 34. Ke2 Ke7 35. Kd2 Kd7 36. g4 Kc6 37. gxh5 gxh5 38. f4 d5 39. e5 b4 40. axb4 Qxb4+ 41. Kc2 Qc4+ 42. Kd2 Qb4+ 43. Kc1 Qe1+ 44. Kc2 Qe4 45. Qxe4 dxe4 46. b4 Kb5 47. f5 Kc4 48. e6 e3 49. e7 d3+ 50. Kd1 Kc3 51. e8=Q e2+ 52. Ke1 1-0


[Site "https://www.chess.com"]

[Event "Titled Tuesday Blitz July 25 Late 2023"]
[White "Veiga, Jose Francisco R P Neves"]
[Black "Awoki, Daniel Teidi"]
[WhiteFideId "1930087"]
[BlackFideId "2100827"]
[WhiteElo "2553"]
[BlackElo "2324"]
[Result "1-0"]
[Round "5"]
[TimeControl "180+2"]
[Date "2023.07.25"]
[WhiteClock "0:01:18"]
[BlackClock "0:00:03"]
[Board "135"]

1. c4 e5 2. Nc3 Nf6 3. Nf3 Nc6 4. e4 Bb4 5. d3 d6 6. Be2 O-O 7. O-O Bxc3 8. bxc3 h6 9. h3 Qe7 10. Be3 b6 11. Nd2 a5 12. f4 exf4 13. Bxf4 Ne5 14. Bh2 Ng6 15. Nf3 Bd7 16. Nd4 Rae8 17. Qd2 Nh7 18. Bg3 Ng5 19. h4 Ne6 20. Nf5 Qd8 21. d4 Ne7 22. Rae1 Qc8 23. Bd3 f6 24. Nxh6+ gxh6 25. Qxh6 Ng7 26. Rxf6 Rxf6 27. Qxf6 Qd8 28. e5 Rf8 29. Qh6 dxe5 30. Bh7+ Kf7 31. Bg6+ Nxg6 32. Rf1+ Nf5 33. Qh7+ Kf6 34. dxe5+ Nxe5 35. h5 Qe7 36. Bh4+ Ke6 37. Bxe7 Nxe7 38. Rxf8 1-0


[Site "https://www.chess.com"]

[Event "Titled Tuesday Blitz July 25 Late 2023"]
[White "Suvorov, Alexander"]
[Black "Fajdetic, Hrvoje"]
[WhiteFideId "12977063"]
[BlackFideId "14501945"]
[WhiteElo "2518"]
[BlackElo "2319"]
[Result "0-1"]
[Round "5"]
[TimeControl "180+2"]
[Date "2023.07.25"]
[WhiteClock "0:00:09"]
[BlackClock "0:00:45"]
[Board "136"]

1. d4 d5 2. Nf3 e6 3. g3 f5 4. Bg2 Nf6 5. O-O Bd6 6. c4 c6 7. Bf4 O-O 8. Bxd6 Qxd6 9. Nc3 b6 10. Rc1 Ne4 11. cxd5 exd5 12. e3 Nd7 13. Ne2 Ba6 14. Re1 Bxe2 15. Qxe2 Rac8 16. Nd2 c5 17. dxc5 bxc5 18. b3 Ne5 19. Red1 Qe6 20. Nf3 Ng4 21. Rf1 Rfd8 22. h3 Ne5 23. Rfd1 h6 24. Ne1 c4 25. bxc4 dxc4 26. Nc2 Nd3 27. Nd4 Nxc1 28. Rxc1 Nxg3 29. Qd1 Qe5 30. Rc2 Ne4 31. Qc1 Rxd4 32. exd4 Qxd4 33. Bf1 c3 34. Qf4 Rc5 35. h4 Qd1 36. Rc1 Qd2 37. Qb8+ Kh7 0-1


[Site "https://www.chess.com"]

[Event "Titled Tuesday Blitz July 25 Late 2023"]
[White "Rottenwohrer Suarez, Juan"]
[Black "Kukavica, Tony"]
[WhiteFideId "32068182"]
[BlackFideId "2062542"]
[WhiteElo "2513"]
[BlackElo "2313"]
[Result "1-0"]
[Round "5"]
[TimeControl "180+2"]
[Date "2023.07.25"]
[WhiteClock "0:00:08"]
[BlackClock "0:00:36"]
[Board "137"]

1. e4 d6 2. d4 Nf6 3. Nc3 g6 4. Bd3 Bg7 5. Be3 O-O 6. Qd2 e5 7. d5 Ng4 8. Bg5 f6 9. Bh4 Qe8 10. f3 Nh6 11. g4 a5 12. O-O-O a4 13. a3 Na6 14. Bf2 Nc5 15. h4 Bxg4 16. fxg4 Nxg4 17. Kb1 f5 18. Bxc5 dxc5 19. Bc4 Bh6 20. Qe2 Ne3 21. Re1 Kh8 22. h5 Nxc4 23. hxg6 Nxa3+ 24. bxa3 Qxg6 25. Qh2 Ra6 26. Nf3 fxe4 27. Nxe5 Qb6+ 28. Ka2 Qa5 29. Re3 c4 30. Rh3 Rff6 31. Rxh6 Rxh6 32. Nf7+ Kg7 33. Nxh6 Qxc3 34. Qxc7+ Kg6 35. Qf7+ Kg5 36. Rh5# 1-0


[Site "https://www.chess.com"]

[Event "Titled Tuesday Blitz July 25 Late 2023"]
[White "Bilan, Danila"]
[Black "Wang, Alexander J"]
[WhiteFideId "24161918"]
[BlackFideId "30955270"]
[WhiteElo "2510"]
[BlackElo "2301"]
[Result "1-0"]
[Round "5"]
[TimeControl "180+2"]
[Date "2023.07.25"]
[WhiteClock "0:00:18"]
[BlackClock "0:01:05"]
[Board "138"]

1. d4 d5 2. Nf3 e6 3. c4 c5 4. cxd5 exd5 5. Nc3 Nc6 6. g3 Nf6 7. Bg2 cxd4 8. Nxd4 Bc5 9. Nb3 Bb6 10. O-O d4 11. Na4 O-O 12. Nxb6 axb6 13. Bxc6 bxc6 14. Qxd4 Qc7 15. Bf4 Qb7 16. Be5 Bh3 17. f3 Bxf1 18. Bxf6 gxf6 19. Rxf1 Rxa2 20. Qxf6 Qa6 21. Nd4 Ra5 22. Nxc6 Re8 23. Nxa5 Qxa5 24. e4 Qc5+ 25. Kg2 Qc2+ 26. Rf2 Qc5 27. h4 Re6 28. Qg5+ Qxg5 29. hxg5 Rd6 30. Rc2 Kg7 31. Kf2 Rd4 32. Ke3 Rb4 33. f4 Rb3+ 34. Kf2 Kg6 35. Kg2 Kh5 36. Kh3 Rd3 37. Rc6 1-0


[Site "https://www.chess.com"]

[Event "Titled Tuesday Blitz July 25 Late 2023"]
[White "JERO-8914"]
[Black "Bullen, Alex"]
[BlackFideId "1801627"]
[WhiteElo "2491"]
[BlackElo "2300"]
[Result "1-0"]
[Round "5"]
[TimeControl "180+2"]
[Date "2023.07.25"]
[WhiteClock "0:00:05"]
[BlackClock "0:00:00"]
[Board "139"]

1. d4 d5 2. c4 e6 3. Nf3 Nf6 4. Bg5 Be7 5. e3 h6 6. Bh4 O-O 7. Nc3 a6 8. a3 dxc4 9. Bxc4 b5 10. Ba2 Bb7 11. Rc1 c5 12. dxc5 Bxc5 13. O-O Nbd7 14. Bb1 Be7 15. Qe2 Qb6 16. Rfd1 Rfd8 17. e4 Nf8 18. Bxf6 Bxf6 19. e5 Bxf3 20. gxf3 Bg5 21. Rc2 Rxd1+ 22. Nxd1 Ng6 23. Qe4 Rd8 24. Ne3 Rd4 25. Rc8+ Kh7 26. Qa8 Rd8 27. Rxd8 Bxd8 28. Bxg6+ fxg6 29. Qe4 Qc5 30. h4 Qc1+ 31. Kg2 Qxb2 32. h5 Qxa3 33. Qxg6+ Kg8 34. Qe8+ Qf8 35. Qxe6+ Kh8 36. Qxa6 Qe7 37. Qxb5 Qg5+ 38. Ng4 Qxh5 39. Qd7 Bg5 40. e6 Qg6 41. e7 Bxe7 42. Qxe7 h5 43. Qd8+ Kh7 44. Qh4 Kg8 45. Qd8+ Kh7 46. Qh4 Kg8 47. Qg3 hxg4 48. fxg4 Qf6 49. Qf3 Qg6 50. Kg3 Qe6 51. Qf4 Qb3+ 52. f3 Qe6 53. Qe4 Qd6+ 54. f4 Qd1 55. Qf3 Qg1+ 56. Qg2 Qe1+ 57. Kf3 Qc3+ 58. Kf2 Qd2+ 59. Kg3 Qe3+ 60. Qf3 Qg1+ 61. Kh3 Qc5 62. g5 Qc8+ 63. Qg4 Qc1 64. Qe6+ Kh8 65. Qe8+ Kh7 66. Qh5+ Kg8 67. Qf3 Qg1 68. f5 Qa1 69. Qd5+ 1-0


[Site "https://www.chess.com"]

[Event "Titled Tuesday Blitz July 25 Late 2023"]
[White "Vifleemskaia, Svetlana"]
[Black "whiteglovethief"]
[WhiteFideId "4129490"]
[WhiteElo "2311"]
[BlackElo "2477"]
[Result "1-0"]
[Round "5"]
[TimeControl "180+2"]
[Date "2023.07.25"]
[WhiteClock "0:01:51"]
[BlackClock "0:02:06"]
[Board "140"]

1. d4 Nf6 2. c4 e6 3. Nc3 Bb4 4. e3 c5 5. Ne2 cxd4 6. exd4 d5 7. a3 Be7 8. c5 a5 9. Bf4 O-O 10. b4 axb4 11. axb4 Rxa1 12. Qxa1 b6 13. Bxb8 bxc5 14. bxc5 Ne4 15. f3 Bh4+ 16. g3 Ng5 17. Bg2 e5 18. gxh4 Nh3 19. Bxe5 Qxh4+ 20. Bg3 Qe7 21. Bxh3 Bxh3 22. Kf2 Re8 23. Qc1 1-0


[Site "https://www.chess.com"]